NWL
CHICAGO A (SS-A) WHITE SOX @ MINNESOTA (SS-A) TWINS
07/15/2099
 
TOP OF THE 1ST
Chicago A (SS-A) White Sox batting - Pitching for Minnesota (SS-A) Twins : RHP Raul Uribe
Pitching: RHP Raul Uribe
Batting: RHB Levi Wanamaker 0-0: Ball
1-0: Ball
2-0: Called Strike
2-1: Ground out 5-3 (Groundball, 56S, EV 86.9 MPH)
Batting: SHB Adam Evans 0-0: Called Strike
0-1: Ground out 4-3 (Groundball, 4D, EV 104.4 MPH)
Batting: RHB Brice Edwards 0-0: Reached on error, E6 (Groundball, 6, EV 98.8 MPH)
Batting: RHB Andy Rossi 0-0: Called Strike
0-1: Swinging Strike
0-2: Ball
1-2: Foul Ball, location: 5F
1-2: Ball
Wild Pitch!
Brice Edwards to second
2-2: SINGLE (Line Drive, 4MD, EV 99.4 MPH)
Brice Edwards to third
Runner from 3rd tries for Home, SAFE, throw by CF to home
Andy Rossi to second
Batting: LHB Vinny Meza 0-0: Called Strike
0-1: Ball
1-1: Fly out, F4 (Popup, 4, EV 67.5 MPH)
Top of the 1st over - 1 run, 1 hit, 1 error, 1 left on base; Chicago A (SS-A) 1 - Minnesota (SS-A) 0
BOTTOM OF THE 1ST
Minnesota (SS-A) Twins batting - Pitching for Chicago A (SS-A) White Sox : RHP Jon Mendez
Pitching: RHP Jon Mendez
Batting: RHB Justin Baker 0-0: Ball
1-0: Swinging Strike
1-1: Ball
2-1: Ball
3-1: DOUBLE (Line Drive, 9LD, EV 97.5 MPH)
Batting: RHB Joe D'Auria 0-0: Called Strike
0-1: Foul Ball, location: 7LDF
0-2: Ball
1-2: Ball
2-2: Strikes out swinging, 2-3 out at first.
Batting: SHB Russ Dye 0-0: Called Strike
0-1: Ball
1-1: Ground out 4-3 (Groundball, 13, EV 92.5 MPH)
Justin Baker to third
Batting: RHB Guadalupe Aguirre 0-0: SINGLE (Line Drive, 56D, EV 98.8 MPH)
Justin Baker scores
Batting: RHB Divino Corinha 0-0: SINGLE (Line Drive, 78S, EV 93.1 MPH)
Guadalupe Aguirre to second
Batting: RHB Sean Phillips 0-0: Ground out 4-3 (Groundball, 4, EV 82.5 MPH)
Bottom of the 1st over - 1 run, 3 hits, 0 errors, 2 left on base; Chicago A (SS-A) 1 - Minnesota (SS-A) 1
TOP OF THE 2ND
Chicago A (SS-A) White Sox batting - Pitching for Minnesota (SS-A) Twins : RHP Raul Uribe
Batting: SHB Jarred Wurtz 0-0: Swinging Strike
0-1: Ball
1-1: Foul Ball, location: 5SF
1-2: Ball
2-2: Foul Ball, location: 9LSF
2-2: Foul Ball, location: 2F
2-2: Foul Ball, location: 2F
2-2: Foul Ball, location: 9LSF
2-2: Strikes out swinging
Batting: RHB George D'Amico Jr. 0-0: Called Strike
0-1: Ball
1-1: Foul Ball, location: 2F
1-2: Ground out 6-3 (Groundball, 6S, EV 80.6 MPH)
Batting: RHB Foeke Eenkhoorn 0-0: Swinging Strike
0-1: Called Strike
0-2: Ball
1-2: Foul Ball, location: 5FF
1-2: Foul Ball, location: 5FF
1-2: Ball
2-2: Ball
3-2: Foul Ball, location: 23F
3-2: Ground out 4-3 (Groundball, 4, EV 110.6 MPH)
Top of the 2nd over - 0 runs, 0 hits, 0 errors, 0 left on base; Chicago A (SS-A) 1 - Minnesota (SS-A) 1
BOTTOM OF THE 2ND
Minnesota (SS-A) Twins batting - Pitching for Chicago A (SS-A) White Sox : RHP Jon Mendez
Batting: RHB Fernando Munguia 0-0: Ball
1-0: Ball
2-0: Fly out, F9 (Flyball, 9, EV 95.6 MPH)
Batting: RHB Oscar Vallejo 0-0: Swinging Strike
0-1: Ball
1-1: Ball
2-1: Ball
3-1: Foul Ball, location: 3F
3-2: Base on Balls
Batting: RHB John Serrano 0-0: Ball
1-0: Called Strike
1-1: Called Strike
1-2: Strikes out swinging
Batting: RHB Justin Baker 0-0: Ball
1-0: Called Strike
1-1: DOUBLE (Line Drive, 9LM, EV 95.0 MPH)
Oscar Vallejo to third
Batting: RHB Joe D'Auria 0-0: Ball
1-0: Ball
2-0: Ball
3-0: Called Strike
3-1: Swinging Strike
3-2: Ground out 5-3 (Groundball, 56S, EV 88.1 MPH)
Bottom of the 2nd over - 0 runs, 1 hit, 0 errors, 2 left on base; Chicago A (SS-A) 1 - Minnesota (SS-A) 1
TOP OF THE 3RD
Chicago A (SS-A) White Sox batting - Pitching for Minnesota (SS-A) Twins : RHP Raul Uribe
Batting: RHB Joaquin Herrera 0-0: Ball
1-0: Ball
2-0: Fly out, F7 (Flyball, 7D, EV 98.1 MPH)
Batting: RHB Levi Wanamaker 0-0: Ball
1-0: Called Strike
1-1: Ball
2-1: Ball
3-1: SINGLE (Line Drive, 34D, EV 97.5 MPH)
Batting: SHB Adam Evans 0-0: Foul Ball, location: 3F
0-1: Ball
1-1: Called Strike
1-2: Ball
2-2: Fly out, F7 (Flyball, 7, EV 92.5 MPH)
Batting: RHB Brice Edwards 0-0: SINGLE (Line Drive, 78M, EV 103.8 MPH)
Levi Wanamaker to second
Batting: RHB Andy Rossi 0-0: Ball
1-0: Ball
2-0: Ball
3-0: Base on Balls
Levi Wanamaker to third
Brice Edwards to second
Batting: LHB Vinny Meza 0-0: Foul Ball, location: 3F
0-1: Ball
1-1: Swinging Strike
1-2: Ball
2-2: Ball
3-2: Base on Balls
Levi Wanamaker scores
Brice Edwards to third
Andy Rossi to second
Batting: SHB Jarred Wurtz 0-0: Fly out, F9 (Flyball, 9D, EV 95.6 MPH)
Top of the 3rd over - 1 run, 2 hits, 0 errors, 3 left on base; Chicago A (SS-A) 2 - Minnesota (SS-A) 1
BOTTOM OF THE 3RD
Minnesota (SS-A) Twins batting - Pitching for Chicago A (SS-A) White Sox : RHP Jon Mendez
Batting: SHB Russ Dye 0-0: SINGLE (Line Drive, 9S, EV 94.4 MPH)
Batting: RHB Guadalupe Aguirre 0-0: Ball
1-0: Swinging Strike
1-1: Ball
Russ Dye steals 2nd base
2-1: Foul Ball, location: 2F
2-2: DOUBLE (Line Drive, 9LM, EV 104.4 MPH)
Russ Dye scores
Batting: RHB Divino Corinha 0-0: Ball
1-0: Foul Ball, location: 3F
1-1: Ball
2-1: Called Strike
2-2: Ball
3-2: Foul Ball, location: 2F
3-2: Foul Ball, location: 25F
3-2: Strikes out swinging
Batting: RHB Sean Phillips 0-0: Foul Ball, location: 9LSF
0-1: Called Strike
0-2: Strikes out swinging
Batting: RHB Fernando Munguia 0-0: Ball
1-0: Called Strike
1-1: Ball
2-1: Foul Ball, location: 23F
2-2: Strikes out looking
Bottom of the 3rd over - 1 run, 2 hits, 0 errors, 1 left on base; Chicago A (SS-A) 2 - Minnesota (SS-A) 2
TOP OF THE 4TH
Chicago A (SS-A) White Sox batting - Pitching for Minnesota (SS-A) Twins : RHP Raul Uribe
Batting: RHB George D'Amico Jr. 0-0: Ball
1-0: SINGLE (Groundball, 3D, EV 110.0 MPH)
Batting: RHB Foeke Eenkhoorn 0-0: Ball
1-0: Called Strike
1-1: Swinging Strike
Pickoff Throw to First - Out! 1-3
1-2: Ball
2-2: Strikes out looking
Batting: RHB Joaquin Herrera 0-0: Called Strike
0-1: Foul Ball, location: 2RF
0-2: Ball
1-2: Fly out, F7 (Flyball, 7LM, EV 87.5 MPH)
Top of the 4th over - 0 runs, 1 hit, 0 errors, 0 left on base; Chicago A (SS-A) 2 - Minnesota (SS-A) 2
BOTTOM OF THE 4TH
Minnesota (SS-A) Twins batting - Pitching for Chicago A (SS-A) White Sox : RHP Jon Mendez
Batting: RHB Oscar Vallejo 0-0: Called Strike
0-1: Called Strike
0-2: Ball
1-2: Ball
2-2: Foul Ball, location: 2F
2-2: Ball
3-2: Strikes out swinging
Batting: RHB John Serrano 0-0: Ground out 4-3 (Groundball, 34D, EV 95.6 MPH)
Batting: RHB Justin Baker 0-0: Ball
1-0: Ball
2-0: Foul Ball, location: 9LDF
2-1: Swinging Strike
2-2: Strikes out looking
Bottom of the 4th over - 0 runs, 0 hits, 0 errors, 0 left on base; Chicago A (SS-A) 2 - Minnesota (SS-A) 2
TOP OF THE 5TH
Chicago A (SS-A) White Sox batting - Pitching for Minnesota (SS-A) Twins : RHP Raul Uribe
Batting: RHB Levi Wanamaker 0-0: Foul Ball, location: 2F
0-1: Ball
1-1: Ball
2-1: Foul Ball, location: 2F
2-2: Ground out 4-3 (Groundball, 4, EV 86.9 MPH)
Pitching: RHP Hector Gomez
Batting: SHB Adam Evans 0-0: Ground out 4-3 (Groundball, 4, EV 90.0 MPH)
Batting: RHB Brice Edwards 0-0: Ball
1-0: Ball
2-0: Ball
3-0: Called Strike
3-1: Ground out 4-3 (Groundball, 4, EV 84.4 MPH)
Top of the 5th over - 0 runs, 0 hits, 0 errors, 0 left on base; Chicago A (SS-A) 2 - Minnesota (SS-A) 2
BOTTOM OF THE 5TH
Minnesota (SS-A) Twins batting - Pitching for Chicago A (SS-A) White Sox : RHP Jon Mendez
Batting: RHB Joe D'Auria 0-0: Called Strike
0-1: Ball
1-1: Ground out 6-3 (Groundball, 6, EV 108.1 MPH)
Batting: SHB Russ Dye 0-0: Called Strike
0-1: Ball
1-1: Ball
2-1: Swinging Strike
2-2: Strikes out swinging
Batting: RHB Guadalupe Aguirre 0-0: Ball
1-0: Called Strike
1-1: Ground out 6-3 (Groundball, 6S, EV 65.0 MPH)
Bottom of the 5th over - 0 runs, 0 hits, 0 errors, 0 left on base; Chicago A (SS-A) 2 - Minnesota (SS-A) 2
TOP OF THE 6TH
Chicago A (SS-A) White Sox batting - Pitching for Minnesota (SS-A) Twins : RHP Hector Gomez
Batting: RHB Andy Rossi 0-0: Called Strike
0-1: Ball
1-1: Foul Ball, location: 5FF
1-2: Ball
2-2: Ball
3-2: Strikes out swinging
Batting: LHB Vinny Meza 0-0: Ball
1-0: Ball
2-0: Fly out, F4 (Popup, 4S, EV 77.5 MPH)
Batting: SHB Jarred Wurtz 0-0: Called Strike
0-1: Ball
1-1: Ball
2-1: Foul Ball, location: 2F
2-2: Strikes out swinging
Top of the 6th over - 0 runs, 0 hits, 0 errors, 0 left on base; Chicago A (SS-A) 2 - Minnesota (SS-A) 2
BOTTOM OF THE 6TH
Minnesota (SS-A) Twins batting - Pitching for Chicago A (SS-A) White Sox : RHP Jon Mendez
Batting: RHB Divino Corinha 0-0: Called Strike
0-1: Called Strike
0-2: Ball
1-2: Strikes out swinging
Batting: RHB Sean Phillips 0-0: Foul Ball, location: 3F
0-1: Foul Ball, location: 5DF
0-2: Fly out, F9 (Flyball, 9LM, EV 93.8 MPH)
Batting: RHB Fernando Munguia 0-0: Called Strike
SINGLE, rundown, out at 1st!
Bottom of the 6th over - 0 runs, 1 hit, 0 errors, 0 left on base; Chicago A (SS-A) 2 - Minnesota (SS-A) 2
TOP OF THE 7TH
Chicago A (SS-A) White Sox batting - Pitching for Minnesota (SS-A) Twins : RHP Hector Gomez
Batting: RHB George D'Amico Jr. 0-0: Ball
1-0: Ball
2-0: Called Strike
2-1: SINGLE (Groundball, 13, EV 75.6 MPH) (infield hit)
Pinch Hitting: RHB Rafael Cardenas 0-0: Ground out 4-3 (Groundball, 34D, EV 108.8 MPH)
George D'Amico Jr. to second
Batting: RHB Joaquin Herrera 0-0: Ball
1-0: Foul Ball, location: 2F
1-1: Foul Ball, location: 23F
1-2: Strikes out looking
Batting: RHB Levi Wanamaker 0-0: Ball
1-0: Ball
2-0: Called Strike
2-1: Ball
3-1: Ground out 5-3 (Groundball, 56, EV 84.4 MPH)
Top of the 7th over - 0 runs, 1 hit, 0 errors, 1 left on base; Chicago A (SS-A) 2 - Minnesota (SS-A) 2
BOTTOM OF THE 7TH
Minnesota (SS-A) Twins batting - Pitching for Chicago A (SS-A) White Sox : RHP Jon Mendez
Pitching: RHP Carlos Morales
Now in RF: Justin Cusick
Batting: RHB Oscar Vallejo 0-0: Ball
1-0: Ball
2-0: Foul Ball, location: 2F
2-1: Ground out U3 (Groundball, 34S, EV 90.6 MPH)
Batting: RHB John Serrano 0-0: Swinging Strike
0-1: DOUBLE (Groundball, 5L, EV 106.3 MPH)
Batting: RHB Justin Baker 0-0: Called Strike
0-1: Foul Ball, location: 2F
0-2: Ball
1-2: Ball
2-2: Ball
3-2: Strikes out looking
Batting: RHB Joe D'Auria 0-0: Foul Ball, location: 2F
0-1: Ground out 4-3 (Groundball, 4, EV 99.4 MPH)
Bottom of the 7th over - 0 runs, 1 hit, 0 errors, 1 left on base; Chicago A (SS-A) 2 - Minnesota (SS-A) 2
TOP OF THE 8TH
Chicago A (SS-A) White Sox batting - Pitching for Minnesota (SS-A) Twins : RHP Hector Gomez
Pitching: RHP Steve Smith
Batting: SHB Adam Evans 0-0: Fly out, F7 (Flyball, 78S, EV 79.4 MPH)
Batting: RHB Brice Edwards 0-0: Ball
1-0: Ball
2-0: Fly out, F9 (Flyball, 89S, EV 80.0 MPH)
Batting: RHB Andy Rossi 0-0: Swinging Strike
0-1: Ball
1-1: Fly out, F8 (Flyball, 8RXD, EV 106.3 MPH)
Top of the 8th over - 0 runs, 0 hits, 0 errors, 0 left on base; Chicago A (SS-A) 2 - Minnesota (SS-A) 2
BOTTOM OF THE 8TH
Minnesota (SS-A) Twins batting - Pitching for Chicago A (SS-A) White Sox : RHP Carlos Morales
Pitching: RHP Dusty Rhoades
Batting: SHB Russ Dye 0-0: Ball
1-0: Called Strike
1-1: Swinging Strike
1-2: Ball
2-2: Ball
3-2: Strikes out swinging
Batting: RHB Guadalupe Aguirre 0-0: Called Strike
0-1: Ball
1-1: Foul Ball, location: 9LMF
1-2: Ball
2-2: Ball
3-2: SOLO HOME RUN (Flyball, 9D, EV 98.1 MPH), Distance : 363 ft
Batting: RHB Divino Corinha 0-0: Fly out, F9 (Line Drive, 9S, EV 91.9 MPH)
Batting: RHB Sean Phillips 0-0: Called Strike
0-1: SINGLE (Line Drive, 78S, EV 101.3 MPH)
Batting: RHB Fernando Munguia 0-0: Ball
1-0: Fly out, F4 (Popup, 4S, EV 82.5 MPH)
Bottom of the 8th over - 1 run, 2 hits, 0 errors, 1 left on base; Chicago A (SS-A) 2 - Minnesota (SS-A) 3
TOP OF THE 9TH
Chicago A (SS-A) White Sox batting - Pitching for Minnesota (SS-A) Twins : RHP Steve Smith
Now at 2B: Divino Corinha
Now at 3B: Jason Miller
Now at SS: Antonio Puga
Now in RF: Ryan Taylor
Batting: LHB Vinny Meza 0-0: Ball
1-0: Ball
2-0: Ball
3-0: Called Strike
3-1: Base on Balls
Batting: SHB Jarred Wurtz 0-0: Grounds into double play, 4-6-3 (Groundball, 4, EV 88.8 MPH)
Batting: RHB George D'Amico Jr. 0-0: Swinging Strike
0-1: Ball
1-1: Ground out 4-3 (Groundball, 34, EV 81.3 MPH)
Top of the 9th over - 0 runs, 0 hits, 0 errors, 0 left on base; Chicago A (SS-A) 2 - Minnesota (SS-A) 3
Saturday, May 11th , 2024 - OOTP Baseball 24.11 Build 85